 Dungeon Crawl Stone Soup version 0.15.2 (webtiles) character file.

242 GhostOklob the Cudgeler (level 5, 0/46 HPs)
             Began as a Deep Dwarf Berserker on Nov 7, 2015.
             Was a Believer of Trog.
             Slain by an ogre
             ... wielding a +0 giant club
              (19 damage)
             ... on Level 5 of the Dungeon.
             The game lasted 00:02:04 (486 turns).

GhostOklob the Cudgeler (Deep Dwarf Berserker)       Turns: 486, Time: 00:02:04

HP   0/46        AC  2     Str 20      XL: 5   Next: 81%
MP   4/4         EV 12     Int  8      God: Trog [**....]
Gold 0           SH  0     Dex 13      Spells:  0 memorised,  4 levels left

rFire  . . .     SeeInvis .     a - +0 mace
rCold  . . .     Clarity  .     b - +0 animal skin
rNeg   . . .     rCorr    .     (no shield)
rPois  .         rRot     .     (no helmet)
rElec  .         Spirit   .     (no cloak)
SustAb .         Warding  .     (no gloves)
rMut   .         Stasis   .     (no boots)
Gourm  .                        (no amulet)
MR     .....                    (no ring)
                                (no ring)

@: non-regenerating, not resistant to hostile enchantments, very unstealthy
A: damage resistance, recharge devices, sense surroundings 1, slow healing 3
a: Device Recharging, Burn Spellbooks, Berserk, Trog's Hand, Renounce Religion


You were on level 5 of the Dungeon.
You worshipped Trog.
Trog was pleased with you.
You were not hungry.

You visited 1 branch of the dungeon, and saw 4 of its levels.


Innate Abilities, Weirdness & Mutations

You are resistant to damage.
You can recharge devices by infusing magical energy.
You passively map a small area around you.
You do not heal naturally.


   Skills:
 - Level 2.6 Fighting
 + Level 6.6 Maces & Flails
 - Level 2.1 Armour
 - Level 2.1 Dodging


You had 4 spell levels left.
You didn't know any spells.

Inventory:

Hand weapons
 a - a +0 mace (weapon)
Missiles
 i - 14 poisoned needles
Armour
 b - a +0 animal skin (worn)
 s - a +0 hat
Magical devices
 c - a wand of heal wounds (2) {!d@v2}
 r - a wand of digging (15) {unknown}
Comestibles
 d - a bread ration
 n - a rotting chunk of worker ant flesh
 o - a chunk of bat flesh
 t - a meat ration
Scrolls
 e - 3 scrolls of remove curse {unknown}
 f - a scroll of recharging {unknown}
 h - a scroll of amnesia {unknown}
 j - a scroll of immolation {unknown}
 l - a scroll of identify {unknown}
 p - a scroll of fog {unknown}
Jewellery
 m - an uncursed ring of protection from fire {unknown}
Potions
 g - a potion of might {unknown}
 k - 3 potions of mutation {unknown}
 q - a potion of degeneration {unknown}

Dungeon Overview and Level Annotations

Branches:
Dungeon (5/15)             Temple (0/1) D:5

Altars:

##### *#### ..#..
...# ...⌠ .⌠.# , #.K
*...# # * ##.###.##
#...#...#...# #####
#.>.Z.Og(.⌠.# ##...##
#...#...#...#
#.....## # ##.###(##
.......# ,#.. #...#
.......# ...⌠,#.⌠.#
.......# * ..#..
#...# #.....## *#####
##.## #.....## ##.#
.......###########..#


You could see an ogre, a giant gecko zombie and a kobold.


Message History

The quokka is severely wounded.
The quokka closely misses you.
The quokka twitches its whiskers.
The quokka closely misses you.
You hit the quokka.
You kill the quokka!
Trog accepts your kill.
No target in view!
No target in view!
A kobold comes into view.
A kobold is nearby!
A kobold is nearby!
A kobold is nearby!
A kobold is nearby!
The kobold wields a hand crossbow.
The kobold shoots a bolt.
The bolt hits you.
You see here a bolt.
A giant gecko zombie comes into view.
The giant gecko zombie moves out of view.
Found a staircase to the Ecumenical Temple.
An ogre comes into view. It is wielding a giant club.
The kobold shoots a bolt.
The bolt hits you!
* * * LOW HITPOINT WARNING * * *
You see here a bolt.
The ogre shouts!
The kobold shoots a bolt.
The bolt hits you.
You see here a bolt.
You hit the ogre.
The ogre is lightly wounded.
The ogre hits you with a giant club!!
You die...

Action                   |  1- 3 |  4- 6 || total
-------------------------+-------+-------++-------
Melee: Mace              |    58 |    42 ||   100
Invok: Berserk           |     2 |     3 ||     5
       Trog's Hand       |       |     1 ||     1
 Abil: Device Recharging |       |     1 ||     1
Evoke: Wand              |       |     7 ||     7
  Eat: Chunk             |       |     4 ||     4

Vault maps used:
D:1:      grunt_arrival_crossed_arrows, minmay_misc_feat_enclosed,
          hangedman_glass_garden
D:2:      overflow_temple_1_default, uniq_jessica
D:3:      overflow_temple_1_default, lemuel_doored_altar, first_bread
D:5:      minmay_temple_entry_nine_rooms, uniq_blork_the_orc

Notes
Turn   | Place    | Note
--------------------------------------------------------------
     0 | D:1      | GhostOklob, the Deep Dwarf Berserker, began the quest for the Orb.
     0 | D:1      | Reached XP level 1. HP: 20/20 MP: 1/1
    99 | D:2      | Reached XP level 2. HP: 22/27 MP: 2/2
   133 | D:3      | Reached skill level 4 in Maces & Flails
   136 | D:3      | You fall through a shaft for 2 floors!
   136 | D:5      | Entered Level 5 of the Dungeon
   147 | D:5      | Noticed a scorpion
   147 | D:5      | Reached XP level 3. HP: 25/33 MP: 3/3
   175 | D:5      | HP: 3/49 [scorpion (4)]
   179 | D:5      | Killed a scorpion
   179 | D:5      | Reached skill level 5 in Maces & Flails
   179 | D:5      | Reached XP level 4. HP: 3/40 MP: 4/4
   214 | D:5      | Acquired Trog's second power
   332 | D:5      | Reached XP level 5. HP: 46/46 MP: 5/5
   338 | D:5      | Reached skill level 6 in Maces & Flails
   483 | D:5      | Found a staircase to the Ecumenical Temple.
   484 | D:5      | Noticed an ogre
   486 | D:5      | Slain by an ogre

Vanquished Creatures
  A scorpion (D:5)
  2 jellies (D:5)
  2 orc priests (D:5)
  A worker ant (D:5)
  An adder (D:3)
  A worm (D:3)
  A giant gecko (D:5)
  3 orcs (D:5)
  A giant cockroach (D:1)
  A hobgoblin (D:5)
  4 jackals (D:5)
  4 kobolds
  2 quokkas (D:5)
  3 bats
  A giant newt (D:5)
  4 goblins
  A kobold skeleton (D:5)
  A rat (D:2)
34 creatures vanquished.
